 Dungeon Crawl Stone Soup version 0.19-a0-878-gfe7e43f (webtiles) character file.

65 AlphabetPasta the Cutter (level 4, -3/28 HPs)
             Began as a Kobold Chaos Knight on July 4, 2016.
             Killed by divine providence
             ... invoked by an orc priest
              (14 damage)
             ... on level 3 of the Dungeon.
             The game lasted 00:07:39 (2421 turns).

AlphabetPasta the Cutter (Kobold Chaos Knight)      Turns: 2421, Time: 00:07:41

Health: -3/28      AC:  4    Str: 10    XL:     4   Next: 34%
Magic:  4/4        EV: 15    Int: 10    God:    Xom [*.....]
Gold:   36         SH:  0    Dex: 16    Spells: 0 memorised, 3 levels left

rFire  . . .     SeeInvis .     a - +0 short sword (chaos)
rCold  . . .     Gourm    .     b - +2 leather armour
rNeg   . . .     Faith    .     (shield restricted)
rPois  .         Spirit   .     (no helmet)
rElec  .         Dismiss  .     m - -2 cloak (curse)
rCorr  .         Reflect  .     (no gloves)
SustAt .         Harm     .     (no boots)
MR     .....                    (no amulet)
Stlth  ++........               (no ring)
                                (no ring)

@: not resistant to hostile enchantments, unstealthy
A: carnivore 3
a: Renounce Religion


You were on level 3 of the Dungeon.
You worshipped Xom.
You were a special plaything of Xom.
You were very full.

You visited 1 branch of the dungeon, and saw 3 of its levels.

You collected 36 gold pieces.

Inventory:

Hand Weapons
 a - a +0 short sword of chaos (weapon)
Armour
 b - a +2 leather armour (worn)
 m - a cursed -2 cloak (worn)
Wands
 j - a wand of polymorph (24/24)
Scrolls
 d - 2 scrolls of recharging
 g - 2 scrolls of identify
 h - a scroll of fear
Potions
 f - a potion of curing
Comestibles
 c - 2 meat rations
 l - a beef jerky


   Skills:
 + Level 3.6 Fighting
 * Level 4.7 Short Blades
 + Level 1.1 Armour
 + Level 2.9 Dodging
 * Level 2.6 Stealth
 + Level 1.0 Evocations


You had 3 spell levels left.
You didn't know any spells.

Dungeon Overview and Level Annotations

Branches:
Dungeon (3/15)

Altars:
Pakellas


Innate Abilities, Weirdness & Mutations

You are small and have problems with some larger weapons.
You are carnivorous and can eat meat at any time.


Message History

You barely miss the orc. The orc barely misses you.
You barely miss the orc.
The orc hits you from afar with a trident.
The orc hits you but does no damage.
You barely miss the orc. The orc misses you.
You hit the orc.
The orc has an odd expression for a moment.
The orc is lightly wounded.
The orc hits you but does no damage.
The orc hits you from afar with a trident.
You hit the orc but do no damage.
The orc is lightly wounded.
The orc closely misses you. The orc barely misses you.
You hit the orc but do no damage.
The orc is lightly wounded.
The orc priest mumbles some strange prayers to Beogh against you.
Beogh smites you!
Ouch! That really hurt!
You die...
Xom laughs nastily!

.#.....o.##?
.......o.##.###
##.......<.......
#....roo...##....
#............ .
#<.........(...
#(####..#.###.##
######o#####.#..
.#
.......oo@.......
.
##...#..#####.##.
# #.. #..# #.
#... # #..# #..#
...# ...


You could see an orc priest and 2 orcs.

Vanquished Creatures
  2 adders (D:2)
  2 worms (D:2)
  A dart slug (D:2)
  2 orcs
  A ball python (D:1)
  2 giant cockroaches
  6 goblins
  4 hobgoblins
  2 jackals (D:2)
  7 kobolds
  4 bats
  2 giant newts (D:2)
  2 rats (D:1)
37 creatures vanquished.

Notes
Turn   | Place    | Note
-------+----------+-------------------------------------------
     0 | D:1      | AlphabetPasta the Kobold Chaos Knight began the quest for the Orb.
     0 | D:1      | Reached XP level 1. HP: 14/14 MP: 1/1
   328 | D:1      | Reached skill level 1 in Armour
   361 | D:1      | Reached XP level 2. HP: 15/19 MP: 2/2
   637 | D:1      | Reached skill level 1 in Stealth
  1115 | D:2      | Reached XP level 3. HP: 23/23 MP: 3/3
  1135 | D:2      | XOM: divination: detect creatures
  1137 | D:2      | XOM: god gift: 21 bolts
  1190 | D:2      | XOM: mild Hex miscast
  1330 | D:2      | XOM: smoke on damage
  1395 | D:2      | XOM: summons 2 hostile shadow creatures
  1520 | D:2      | Reached skill level 1 in Evocations
  1579 | D:2      | Reached XP level 4. HP: 28/28 MP: 4/4
  1653 | D:2      | XOM: butterfly on damage
  1693 | D:2      | Found an oddly glowing altar of Pakellas.
  1748 | D:2      | XOM: 6-stop teleportation journey
  1926 | D:2      | XOM: harmless Erth miscast
  2421 | D:3      | Killed from afar by an orc priest

Vault maps used:
D:1:      dpeg_arrival_simpleton_c
D:2:      first_bread, grunt_pakellas_basics
D:3:      serial_park_tiny_1, minmay_surrounded

Skill      XL: |  1  2  3 |
---------------+----------+-----
Armour         | 1 |  1.1
Stealth        | 1 2 |  2.6
Evocations     | 1 |  1.0
Fighting       | |  3.6
Short Blades   | |  4.7
Dodging        | |  2.9

Action                   |  1- 3 |  4- 6 || total
-------------------------+-------+-------++-------
Melee: Short sword       |    97 |    35 ||   132
  Use: Potion            |     4 |       ||     4
       Scroll            |     5 |     1 ||     6
 Stab: Sleeping          |     2 |       ||     2
       Paralysed         |     1 |       ||     1
       Petrified         |       |     1 ||     1
  Eat: Chunk             |    11 |     1 ||    12
Armor: Leather armour    |    18 |     2 ||    20
Dodge: Dodged            |    52 |    21 ||    73
